Match 45877804
Unlisted

Match 45877804
End
Vickers Machine Gun Team
Construct Section Command Post
Royal Engineer Section
Infantry Section
Vickers Machine Gun Team
Infantry Section
Grenade Package
Construct Platoon Command Post
Unlock Bishop Self-propelled Artillery
Bishop Self-propelled Artillery
Infantry Section
Construct Field Infirmary
Bishop Self-propelled Artillery
Vickers Machine Gun Team
Construct Company Command Post
CMP 15cwt Truck
Foot Guards Section
Selects Air and Sea Battlegroup
Selects Commando Section Paradrop
Selects M1 Pack Howitzer Paradrop
Selects Anti-tank Rocket Loiter
Anti-tank Rocket Loiter
RitraXP
Chaotic
산뢰군
Deep Blue Fish
xwineapplex
Randall
神奇香蕉
CPU - EASY
0
0

Comments sign in to comment!

No comments posted yet!